 Dungeon Crawl Stone Soup version 0.27-a0-277-g024f7ef292 (webtiles) character file.

Game seed: 17838616875616225057

12 Borgoz the Cudgeller (level 2, 0/18 HPs)
             Began as a Gargoyle Gladiator on Feb 5, 2021.
             Killed from afar by a dart slug (6 damage)
             ... with a slug dart
             ... on level 1 of the Dungeon.
             The game lasted 00:00:15 (98 turns).

Borgoz the Cudgeller (Gargoyle Gladiator)             Turns: 98, Time: 00:00:15

Health: 0/18       AC:  6    Str: 17    XL:     2   Next: 33%
Magic:  2/2        EV: 12    Int:  8    God:
Gold:   11         SH:  0    Dex: 11    Spells: 1/1 levels left

rFire    . . .     SeeInvis .   a - +0 flail
rCold    . . .     Faith    .   (no shield)
rNeg     + . .     Spirit   .   b - +0 leather armour
rPois    ∞         Reflect  .   c - +0 helmet
rElec    +         Harm     .   (no cloak)
rCorr    .         Rampage  .   (no gloves)
Will     .....                  (no boots)
Stlth    +.........             (no amulet)
HPRegen  0.06/turn              (no ring)
MPRegen  0.08/turn              (no ring)

@: no status effects
A: negative energy resistance 1, electricity resistance, unbreathing,
petrification resistance, miasma immunity, AC +2
a: no special abilities


You were on level 1 of the Dungeon.
You visited 1 branch of the dungeon, and saw 1 of its levels.

You collected 11 gold pieces.

Inventory:

Hand Weapons
 a - a +0 flail (weapon)
Missiles
 d - 3 throwing nets (quivered)
Armour
 b - a +0 leather armour (worn)
 c - a +0 helmet (worn)
Potions
 e - 2 potions of mutation {unknown}


   Skills:
 + Level 2.4 Fighting
 + Level 3.1 Maces & Flails
 - Level 1.7 Throwing
 + Level 0.9 Armour
 + Level 2.5 Dodging


You had one spell level left.
You didn't know any spells.
Your spell library was empty.

Dungeon Overview and Level Annotations

Branches:
Dungeon (1/15)

Altars:


Innate Abilities, Weirdness & Mutations

You are resistant to torment.
Your stone body is resilient. (AC +2)
You are immune to poison.
You resist negative energy. (rN+)
You are resistant to electric shocks. (rElec)
You can survive without breathing.
You are immune to petrification.
You are immune to miasma.


Message History

The bat barely misses you. The bat barely misses you.
The bat barely misses you. The bat hits you but does no damage.
The bat misses you. The bat hits you but does no damage.
You closely miss the bat. The bat hits you but does no damage.
The bat closely misses you.
You barely miss the bat. The bat barely misses you. The bat closely misses you.
The bat hits you.
You hit the bat but do no damage. The bat closely misses you. x3
You closely miss the bat. The bat barely misses you.
The bat hits you but does no damage. The bat hits you.
You hit the bat.
You kill the bat!
The goblin hits you but does no damage.
You sock the goblin!
You kill the goblin!
The dart slug launches a dart at you. The slug dart hits you.
You die...

≈≈≈............#.#
≈≈P............#.########
.P....)........#....†...##
.......K...#..)..######..##
...#+#+#...#.#.#########...
#..K..#.# ♣♣..♣♣#.##
#.....#w####.♣♣.....#'#
#.#.###)# ≈♣........# #.
#@# ♣≈≈..#'#♣..## # #.#
♣≈≈≈.##.##♣..# #.#
♣≈≈≈.#...#♣♣♣♣ #.# ≈≈8
#...##### #.# ≈≈ ##<.'....
..# ≈ ######.. ### #'# #..
#..


You could see a dart slug and a kobold.

Vanquished Creatures
  A dart slug (D:1)
  2 giant cockroaches (D:1)
  2 goblins (D:1)
  4 bats (D:1)
  A kobold (D:1)
10 creatures vanquished.

Vanquished Creatures (others)
  A plant (D:1)
1 creature vanquished.

Grand Total: 11 creatures vanquished

Notes
Turn   | Place    | Note
-------+----------+-------------------------------------------
     0 | D:1      | Borgoz the Gargoyle Gladiator began the quest for the Orb.
     0 | D:1      | Reached XP level 1. HP: 12/12 MP: 1/1
    74 | D:1      | Reached XP level 2. HP: 18/18 MP: 2/2
    98 | D:1      | Killed from afar by a dart slug

Illustrated notes

Levels and vault maps discovered:
D:1:      sevenhm_arrival_forest_fort_small_5, layout_basic, serial_bayou,
          serial_bayou_ford_a, serial_bayou_lagoon_a, serial_bayou_pond_b,
          serial_bayou_crossing, serial_bayou_shore_b

Action                   || total
-------------------------++-------
Melee: Flail             ||    31
Armor: Leather armour    ||    21
Dodge: Dodged            ||    52

Table legend: (Time is in decaauts)
 A = Elapsed time spent in this place.
 B = Non-inter-level travel time spent in this place.
 C = Inter-level travel time spent in this place.
 D = Time resting spent in this place.
 E = Time spent auto-exploring this place.
 F = Levels seen in this place.
 G = Mean time per level.
                   A        B        C        D        E       F      G
               +--------+--------+--------+--------+--------+-----+--------+
         Total |    105 |    105 |      0 |      0 |     50 |   1 |  105.0 |
       Dungeon |    105 |    105 |      0 |      0 |     50 |   1 |  105.0 |
               +--------+--------+--------+--------+--------+-----+--------+

Top non-repeatable levels by time:
     D:1: 105 daAuts
